 Dungeon Crawl Stone Soup version 0.22-a0-142-g91cc6d7 (webtiles) character file.

105452 4thArraOfDagon the Severer (level 16, -6/130 HPs)
             Began as a Formicid Necromancer on Feb 4, 2018.
             Was the Champion of Ru.
             Mangled by a deep elf blademaster
             ... wielding a +0 rapier
              (23 damage)
             ... on level 3 of the Elven Halls on Feb 5, 2018.
             The game lasted 01:30:19 (15841 turns).

4thArraOfDagon the Severer (Formicid Necromancer)  Turns: 15841, Time: 01:30:19

Health: -6/130     AC: 19    Str: 19    XL:     16   Next: 95%
Magic:  20/26      EV:  8    Int: 21    God:    Ru [******]
Gold:   1903       SH:  5    Dex: 11    Spells: 22/29 levels left

rFire    . . .     SeeInvis +   J - +9 executioner's axe (venom)
rCold    + . .     Gourm    .   q - +0 buckler
rNeg     . . .     Faith    .   u - +2 ring mail {MR+}
rPois    .         Spirit   .   (helmet unavailable)
rElec    +         Reflect  .   x - +0 cloak
rCorr    .         Harm     .   D - +2 pair of gloves {Str+3}
MR       ++...                  A - +2 pair of boots
Stlth    +.........             l - amulet of magic regeneration
HPRegen  1.31/turn              C - ring of protection from cold
MPRegen  0.45/turn              T - ring of the Final Curses {*Tele *Drain rElec Dex+2}

@: exhausted, regenerating, drained
A: permanent stasis, dig shafts and tunnels, four strong arms, antennae 3,
talons 1, clever 1, clumsy 1, screaming 1, shaggy fur 1, inability to use
devices, hated by all, reduced EV 1, disrupted magic 1
a: Dig, Shaft Self, Draw Out Power, Power Leap, Apocalypse, Renounce Religion


You were on level 3 of the Elven Halls.
You worshipped Ru.
Ru was exalted by your worship.
You were not hungry.

You visited 4 branches of the dungeon, and saw 25 of its levels.
You also visited: Sewer and Bailey.

You collected 2213 gold pieces.
You spent 310 gold pieces at shops.

Inventory:

Hand Weapons
 h - the +9 rapier of Balance {freeze, rF+ Int-5 Dex+4}
   (You found it on level 2 of the Lair of Beasts)

   It has been specially enchanted to freeze those struck by it, causing extra
   injury to most foes and up to half again as much damage against particularly
   susceptible opponents.
   It can also slow down cold-blooded creatures.
   It affects your intelligence (-5).
   It affects your dexterity (+4).
   It protects you from fire.
 j - a +2 whip of flaming
 w - a +3 quarterstaff of chaos
 J - a +9 executioner's axe of venom (weapon)
 S - a +0 blowgun
Missiles
 R - 2 curare-tipped needles
Armour
 f - a +1 pair of boots of flying
 g - the +1 robe "Meusulio" {+Blink rElec}
   (You found it on level 4 of the Lair of Beasts)

   It insulates you from electricity.
   It lets you blink.
 n - a cursed -1 robe
 q - a +0 buckler (worn)
 u - a +2 ring mail of magic resistance (worn)
 x - a +0 cloak (worn)
 A - a +2 pair of boots (worn)
 D - a +2 pair of gloves of strength (worn)
 E - a +3 ring mail of positive energy
 I - a cursed +0 ring mail
 L - a +4 plate armour
 O - a +2 robe
 Q - a +2 robe
 X - the +0 shield "Senusob" {SInv}
   (You acquired it on level 3 of the Elven Halls)

   It lets you see invisible.
Jewellery
 a - an uncursed ring of poison resistance
 l - an amulet of magic regeneration (around neck)
 t - an uncursed amulet of harm {unknown}
 C - a ring of protection from cold (left hand)
 T - the ring of the Final Curses (right hand) {*Tele *Drain rElec Dex+2}
   (You found it on level 1 of the Elven Halls)

   [ring of teleportation]

   It may teleport you next to monsters.
   It affects your dexterity (+2).
   It insulates you from electricity.
   It causes draining when unequipped.
 U - an uncursed ring of flight
Scrolls
 k - 5 scrolls of amnesia
 r - 7 scrolls of enchant armour
 s - 9 scrolls of remove curse
 v - 2 scrolls of enchant weapon
 y - 5 scrolls of teleportation
 F - 4 scrolls of fog
 H - a scroll of noise
 V - a scroll of holy word {unknown}
 W - a scroll of torment {unknown}
Potions
 i - 5 potions of curing
 m - 2 potions of might
 o - 9 potions of flight
 p - 4 potions of heal wounds
 z - a potion of cancellation
 B - a potion of brilliance
 G - a potion of mutation
 K - a potion of lignification
 M - 2 potions of magic
 N - 4 potions of ambrosia
 P - a potion of agility
Books
 b - a book of Necromancy

   Spells                             Type                      Level
   a - Pain                           Necromancy                   1
   b - Animate Skeleton               Necromancy                   1
   c - Vampiric Draining              Necromancy                   3
   d - Regeneration                   Charms/Necromancy            3
   e - Animate Dead                   Necromancy                   4
Comestibles
 c - 26 rations
 d - 3 chunks of flesh


   Skills:
 - Level 13.0(11.7) Fighting
 * Level 18.2(16.7) Axes
 - Level 13.4(12.0) Armour
 - Level 7.0(5.8) Dodging
 - Level 2.4(1.4) Stealth
 * Level 6.9(5.8) Shields
 - Level 7.0(5.9) Spellcasting
 - Level 7.8(6.6) Necromancy


You had 22 spell levels left.
You knew the following spells:

 Your Spells              Type           Power        Failure   Level  Hunger
a - Pain                  Necr           ####         1%          1    None
b - Vampiric Draining     Necr           ####......   4%          3    ##.....
c - Regeneration          Chrm/Necr      ###.......   16%         3    ##.....


Dungeon Overview and Level Annotations

Branches:
Dungeon (14/15)              Lair (6/6) D:11         Shoals (0/4) Lair:2
 Spider (0/4) Lair:4        Slime (0/5) Lair:6          Orc (2/2) D:12
    Elf (3/3) Orc:2
 Temple: D:4-7       Vaults: D:13-14

Altars:
Cheibriados
Dithmenos
Elyvilon
Gozag
Hepliaklqana
Kikubaaqudgha
Nemelex Xobeh
Okawaru
Ru
Sif Muna
Uskayaw
Xom
Yredelemnul

Shops:
D:4 %   Orc:2 *=%

Portals:
Trove: Elf:3 (give +6 fire dragon scales)

Annotations:
D:6 4thArraOfDagon's ghost, novice DrSu
D:14 Kirke
Elf:2 exclusion: Roxanne, Roxanne


Innate Abilities, Weirdness & Mutations

You cannot be hasted, slowed, berserked, paralysed or teleported.
You can dig through walls and to a lower floor.
Your four strong arms can wield two-handed weapons with a shield.
You have a pair of large antennae on your head. (SInv)
You occasionally shout uncontrollably at your foes.
You cannot study or use magical devices.
You are hated by all.
You have somewhat slow reflexes. (EV -5)
Your casting is slightly disrupted.
You have sharp toenails.
Your mind is acute. (Int +2)
You are clumsy. (Dex -2)
You are covered in fur. (AC +1)


Message History

The deep elf blademaster hits itself with a rapier!!!
The deep elf blademaster closely misses itself.
Unknown command.
Unknown command.
You're too exhausted to power leap.
Unknown command.
Unknown command.
Press: ? - help, v - describe, . - travel
Here: a deep elf blademaster, wielding two rapiers, wearing a leather armour and wearing an amulet of rage (moderately wounded, berserk, fast, unusually strong)
The floor, spattered with blood.
Unknown command.
Unknown command.
The deep elf blademaster is stunned by your will and fails to attack.
Unknown command.
The deep elf blademaster completely misses you.
The deep elf blademaster closely misses you.
The deep elf blademaster is stunned by your will and fails to attack.
Unknown command.
The deep elf blademaster hits you with a rapier!!
You die...

###..##..##..#,..#......#...#
.∩##..##..##.#...#......#...#
###..##..###.#...####+##....#
....##..##..................#
#####..##...................#
......##....................#
##########.#######+######...#
............................#
................@e......#)..#
........................#...#
......<.................#...#
.......)................#...#
............................#
........................#...#
+#####'##########e#####e#...#
............................#
............................##


You could see a deep elf blademaster (berserk), a deep elf annihilator and a
deep elf mage.

Vanquished Creatures
  A deep elf master archer (Elf:3)
  2 deep elf sorcerers
  Louise (Elf:2)
  A deep elf elementalist (Elf:3)
  2 deep elf demonologists
  3 deep elf annihilators
  3 deep elf death magi
  2 deep elf high priests
  Josephine (D:13)
  2 hydras
  A centaur warrior (D:13)
  5 dancing weapons
  2 two-headed ogres
  2 death yaks (Lair:6)
  3 orc high priests (Orc:2)
  7 deep elf knights
  A skeletal warrior (D:13)
  A large abomination (Elf:3)
  8 orc knights
  6 deep elf archers
  An oklob plant (Lair:6)
  2 ugly things
  33 deep elf magi
  A manticore (D:11)
  2 cyclopes
  7 orc sorcerers
  4 elephants (Lair:6)
  A molten gargoyle (Lair:6)
  A torpor snail (Lair:6)
  5 black mambas
  12 spiny frogs
  5 rime drakes
  A yaktaur (D:13)
  2 kobold demonologists (D:11)
  4 komodo dragons
  A small abomination (Elf:1)
  5 polar bears (Lair:6)
  4 trolls
  3 jumping spiders (Lair:4)
  9 hornets
  15 blink frogs
  A snapping turtle (Lair:2)
  3 water elementals (Elf:1)
  12 hippogriffs
  A centaur simulacrum (D:14)
  14 spriggans (Lair:6)
  2 shadows
  2 air elementals
  5 redbacks (Lair:4)
  6 wyverns
  58 yaks
  4 basilisks (Lair:5)
  A fire elemental (Elf:1)
  A hungry ghost (D:7)
  3 wraiths (D:13)
  A steam dragon (D:12)
  3 wargs (Orc:2)
  A hell hound (Lair:5)
  13 water moccasins
  10 porcupines
  36 orc warriors
  5 black bears
  5 ice beasts
  A phantom (D:13)
  3 sky beasts
  5 boggarts
  12 ogres
  2 necrophages
  33 wolves
  2 centaurs
  18 crocodiles
  2 big kobolds
  6 bullfrogs
  A gnoll sergeant (D:8)
  An earth elemental (Elf:2)
  A wyvern zombie (D:12)
  4 scorpions
  6 killer bees
  15 wights
  A howler monkey (D:5)
  2 electric eels (Lair:2)
  5 crimson imps
  2 bullfrog zombies
  A lava snake (Lair:6)
  4 hounds
  A centaur zombie (D:12)
  A jelly (D:5)
  A bullfrog skeleton (D:7)
  4 centaur skeletons
  15 orc priests
  20 orc wizards
  Jessica (D:5)
  A gnoll shaman (D:7)
  Ijyb (D:4)
  5 iguanas
  6 worker ants
  2 killer bee zombies
  2 howler monkey zombies
  2 worker ant zombies (D:5)
  11 adders
  14 gnolls
  4 river rats (D:5)
  2 shadow imps
  3 worms
  3 dart slugs
  7 leopard geckos
  93 orcs
  8 giant cockroaches
  7 hobgoblins
  12 jackals
  5 quokkas
  A ball python skeleton (D:2)
  8 bats
  A frilled lizard (D:5)
  15 goblins
  A jackal skeleton (D:4)
  14 kobolds
  A leopard gecko skeleton (D:5)
  A quokka zombie (D:5)
  13 rats
  A bush (Lair:6)
  5 fungi (Lair:5)
  7 plants
785 creatures vanquished.

Vanquished Creatures (others)
  A deep elf sorcerer (Elf:3)
  A deep elf knight (Elf:3)
  An elephant (Lair:6)
  A troll (D:12)
  A polar bear (Lair:6)
  3 wolves
  A crocodile (Lair:3)
  A gnoll (D:7)
  An adder skeleton (D:5)
  An orc (D:11)
  11 fungi
  8 plants
31 creatures vanquished.

Grand Total: 816 creatures vanquished

Notes
Turn   | Place    | Note
-------+----------+-------------------------------------------
     0 | D:1      | 4thArraOfDagon the Formicid Necromancer began the quest for the Orb.
     0 | D:1      | Reached XP level 1. HP: 13/13 MP: 3/3
     3 | D:1      | You fall through a shaft!
     9 | D:2      | Sergey: it makes neccesary to regen a lot
    46 | D:2      | Sergey: as you lose HP every cast
   156 | D:1      | Reached XP level 2. HP: 16/19 MP: 1/5
   440 | D:3      | Reached XP level 3. HP: 17/24 MP: 3/6
   445 | D:3      | Learned a level 3 spell: Vampiric Draining
   471 | D:3      | Reached skill level 5 in Necromancy
   702 | D:4      | Reached XP level 4. HP: 7/30 MP: 0/7
   713 | D:4      | Learned a level 3 spell: Regeneration
   734 | D:4      | Found Negaoh's Food Shop.
   779 | D:5      | Entered Level 5 of the Dungeon
   809 | D:5      | Reached XP level 5. HP: 16/35 MP: 1/8
   918 | D:6      | Found a sacrificial altar of Ru.
   942 | D:6      | Reached XP level 6. HP: 32/41 MP: 1/9
   973 | D:6      | Became a worshipper of Ru the Awakened
  1041 | D:4      | Sergey: is power leap availible for formicid ?
  1069 | D:4      | Found a glowing drain.
  1073 | Sewer    | Entered a sewer
  1126 | Sewer    | 4thArraOfDagon: ye
  1152 | Sewer    | Sergey: why didnt you pick that buckler ?
  1207 | Sewer    | Found a white marble altar of Elyvilon.
  1286 | D:4      | Noticed an ogre
  1317 | D:4      | Reached XP level 7. HP: 45/46 MP: 7/10
  1420 | D:4      | Noticed Ijyb
  1456 | D:4      | Killed Ijyb
  1456 | D:4      | Reached skill level 1 in Shields
  1486 | D:4      | Found a runed door.
  1490 | D:4      | Noticed Crazy Yiuf
  1492 | D:4      | Noticed Crazy Yiuf
  1492 | D:4      | Crazy Yiuf changed into Crazy Yiuf the quokka
  1496 | D:4      | Killed Crazy Yiuf the quokka
  1677 | D:3      | Found a snail-covered altar of Cheibriados.
  2013 | D:2      | Found a hazy altar of Hepliaklqana.
  2082 | D:2      | Reached XP level 8. HP: 42/52 MP: 7/13
  2209 | D:1      | Gained mutation: Your casting is slightly disrupted. [Ru sacrifice]
  2209 | D:1      | Reached * piety under Ru
  2340 | D:1      | Found a shimmering altar of Xom.
  2400 | D:1      | Upgraded the game from 0.22-a0-136-g83a10e5 to 0.22-a0-142-g91cc6d7
  2444 | D:1      | You fall through a shaft!
  2519 | D:2      | Found an iron altar of Okawaru.
  2649 | D:4      | Found a white marble altar of Elyvilon.
  2649 | D:4      | Found a shadowy altar of Dithmenos.
  2757 | D:5      | Reached skill level 5 in Shields
  2826 | D:5      | Reached skill level 5 in Spellcasting
  2886 | D:5      | Found a hide-covered altar of Uskayaw.
  2912 | D:5      | Found a sparkling altar of Nemelex Xobeh.
  3019 | D:5      | Found an opulent altar of Gozag.
  3047 | D:5      | Found a deep blue altar of Sif Muna.
  3047 | D:5      | Noticed Jessica
  3075 | D:5      | Killed Jessica
  3092 | D:5      | Reached XP level 9. HP: 42/57 MP: 19/19
  3162 | D:6      | Found a basalt altar of Yredelemnul.
  3230 | D:6      | Reached skill level 5 in Fighting
  3268 | D:6      | Found an ancient bone altar of Kikubaaqudgha.
  3321 | D:6      | Found an iron altar of Okawaru.
  3386 | D:6      | Gained mutation: You are hated by all. [Ru sacrifice]
  3386 | D:6      | Reached ** piety under Ru
  3434 | D:6      | Noticed 4thArraOfDagon's ghost (novice DrSu)
  3449 | D:6      | You fall through a shaft!
  3868 | D:6      | Reached XP level 10. HP: 76/82 MP: 20/20
  4150 | D:8      | Noticed a two-headed ogre
  4164 | D:8      | Killed a two-headed ogre
  4164 | D:8      | Reached skill level 10 in Fighting
  4279 | D:8      | HP: 3/86 [gnoll/halberd (11)]
  4284 | D:8      | You fall through a shaft!
  4366 | D:9      | You fall through a shaft!
  4366 | D:10     | Entered Level 10 of the Dungeon
  4485 | D:11     | Noticed a two-headed ogre
  4500 | D:11     | Killed a two-headed ogre
  4501 | D:11     | Noticed a cyclops
  4528 | D:11     | Killed a cyclops
  4550 | D:11     | Found a flagged portal.
  4557 | D:11     | Noticed a kobold demonologist
  4582 | Bailey   | Entered a bailey
  5003 | Bailey   | Reached XP level 11. HP: 72/96 MP: 8/21
  5118 | Bailey   | Gained mutation: You occasionally shout uncontrollably at your foes. [Ru sacrifice]
  5176 | Bailey   | Reached skill level 1 in Axes
  5227 | Bailey   | Noticed an orc knight
  5249 | Bailey   | Killed an orc knight
  5249 | Bailey   | Reached skill level 3 in Axes
  5274 | Bailey   | Identified a scroll of acquirement
  5328 | D:11     | Reached skill level 4 in Axes
  5376 | D:11     | Found a staircase to the Lair.
  5476 | D:11     | Reached skill level 5 in Axes
  5563 | D:11     | Noticed a white ugly thing
  5584 | D:11     | Killed a purple ugly thing
  5590 | D:11     | Reached skill level 6 in Axes
  5686 | D:11     | Noticed a soul eater
  5711 | D:11     | Reached skill level 7 in Axes
  5767 | D:11     | Noticed a manticore
  5776 | D:11     | Killed a manticore
  5838 | D:12     | Reached skill level 1 in Armour
  5852 | D:12     | Found a staircase to the Orcish Mines.
  5978 | D:12     | Reached XP level 12. HP: 67/105 MP: 22/22
  6038 | D:12     | Noticed a four-headed hydra
  6049 | D:12     | Reached skill level 8 in Axes
  6588 | D:13     | Gained mutation: You cannot study or use magical devices. [Ru sacrifice]
  6588 | D:13     | Reached *** piety under Ru
  6588 | D:13     | Reached **** piety under Ru
  6625 | D:13     | Noticed a centaur warrior
  6640 | D:13     | Killed a centaur warrior
  6821 | D:13     | Reached skill level 9 in Axes
  7146 | D:13     | Reached skill level 5 in Armour
  7159 | D:13     | Noticed Josephine
  7174 | D:13     | Killed Josephine
  7174 | D:13     | Reached skill level 10 in Axes
  7282 | D:13     | Reached skill level 5 in Dodging
  7377 | D:13     | Reached XP level 13. HP: 92/111 MP: 23/23
  7475 | D:14     | Noticed Kirke
  7555 | Orc:1    | Entered Level 1 of the Orcish Mines
  7957 | D:12     | Reached skill level 11 in Axes
  8067 | Orc:2    | Entered Level 2 of the Orcish Mines
  8137 | Orc:2    | Gained mutation: You have somewhat slow reflexes. (EV -5) [Ru sacrifice]
  8137 | Orc:2    | Reached ***** piety under Ru
  8137 | Orc:2    | Reached ****** piety under Ru
  8631 | Orc:2    | Found a staircase to the Elven Halls.
  9019 | Orc:2    | Reached skill level 12 in Axes
  9375 | Orc:2    | Found Tuthat's Food Boutique.
  9375 | Orc:2    | Found Femossac's Jewellery Boutique.
  9376 | Orc:2    | Found Fuesei's Assorted Antiques.
  9382 | Orc:2    | Found Oppek's General Store.
  9395 | Orc:2    | Bought a scroll labeled ASINECE QIHAQ for 30 gold pieces
  9395 | Orc:2    | Bought a scroll labeled FULLATRUSOGE for 30 gold pieces
  9395 | Orc:2    | Bought a scroll labeled AHAOPR PINU for 30 gold pieces
  9741 | Orc:2    | Bought an uncursed ring of poison resistance for 220 gold pieces
  9851 | Lair:1   | Entered Level 1 of the Lair of Beasts
 10035 | Lair:1   | Reached XP level 14. HP: 107/118 MP: 15/24
 10432 | Lair:2   | Reached skill level 13 in Axes
 10531 | Lair:2   | Found a staircase to the Shoals.
 10716 | Lair:2   | You are sucked into a shaft for 2 floors!
 10754 | Lair:4   | Got a distressingly furry robe
 10876 | Lair:3   | Identified the +1 robe "Meusulio" {+Blink rElec} (You found it on level 4 of the Lair of Beasts)
 11119 | Lair:2   | Got a polished rapier
 11120 | Lair:2   | Identified the +9 rapier of Balance {freeze, rF+ Int-5 Dex+4} (You found it on level 2 of the Lair of Beasts)
 11503 | Lair:4   | Reached skill level 14 in Axes
 11655 | Lair:4   | Found a hole to the Spider Nest.
 11667 | Lair:4   | Reached skill level 10 in Armour
 11999 | Lair:6   | Entered Level 6 of the Lair of Beasts
 12272 | Lair:5   | Reached XP level 15. HP: 93/123 MP: 25/25
 12280 | Lair:5   | You fall through a shaft!
 12293 | Lair:6   | Found a staircase to the Slime Pits.
 12332 | Lair:6   | Reached skill level 15 in Axes
 13158 | Lair:5   | Reached skill level 16 in Axes
 13679 | Elf:1    | Entered Level 1 of the Elven Halls
 13688 | Orc:2    | Noticed a Hell Sentinel
 13691 | Orc:2    | HP: 3/123 [Hell Sentinel[a deep elf demonologist] (10)]
 13818 | Elf:1    | Got a wavering pewter ring
 13820 | Elf:1    | Identified the ring of the Final Curses {*Tele *Drain rElec Dex+2} (You found it on level 1 of the Elven Halls)
 14304 | Elf:1    | Reached XP level 16. HP: 13/130 MP: 8/26
 14530 | Elf:1    | Noticed a deep elf sorcerer
 14540 | Elf:1    | Killed a deep elf sorcerer
 14540 | Elf:1    | Reached skill level 17 in Axes
 14775 | Elf:2    | Noticed Louise
 14776 | Elf:2    | Killed Louise
 14808 | Elf:3    | Entered Level 3 of the Elven Halls
 14869 | Elf:3    | Found a portal to a secret trove of treasure.
 15457 | Elf:2    | Noticed Roxanne
 15533 | Elf:3    | Got an ichor-stained shield
 15544 | Elf:3    | Identified the +0 shield "Senusob" {SInv} (You acquired it on level 3 of the Elven Halls)
 15667 | Elf:3    | Gained mutation: You have sharp toenails. [potion of mutation]
 15667 | Elf:3    | Gained mutation: You are clumsy. (Dex -2) [potion of mutation]
 15667 | Elf:3    | Gained mutation: Your mind is acute. (Int +2) [potion of mutation]
 15667 | Elf:3    | Gained mutation: You are covered in fur. (AC +1) [potion of mutation]
 15783 | Elf:3    | Reached skill level 18 in Axes
 15785 | Elf:3    | Noticed a deep elf master archer
 15786 | Elf:3    | Killed a deep elf master archer
 15809 | Elf:3    | Noticed a deep elf sorcerer
 15810 | Elf:3    | Killed a deep elf sorcerer
 15812 | Elf:3    | Noticed a deep elf sorcerer
 15817 | Elf:3    | Killed a deep elf sorcerer
 15823 | Elf:3    | Noticed a deep elf blademaster
 15841 | Elf:3    | Mangled by a deep elf blademaster

Vault maps used:
D:1:      roderic_crop_circles_arrival_small, xom_teletrap_fun
D:2:      nicolae_overflow_crystal_walls, okawaru_altar_gauntlet_db
D:3:      kennysheep_slug_shrine, first_ration
D:4:      black_bear_nest_2, gammafunk_temple_overflow_wave, serial_shops,
          shop_statue, gup_sewer_entry_bubbles, uniq_crazy_yiuf_cottage,
          uniq_ijyb
D:5:      wad_woods_stonehenge, eat_drink_and_be_merry_uskayaw,
          nemelex_xobeh_ov_fountains_minmay, tgw_sif
D:6:      kennysheep_little_box, hangedman_feature_mirror,
          nicolae_ru_awakened_eye
D:7:      minmay_temple_entry_mist
D:8:      special_room, hangedman_pestilent_swarm
D:9:      grunt_temple_overflow_lords_of_destruction, minmay_misc_feat_alley
D:10:     st_stairs_6
D:11:     lair_entry_dummy, enter_bailey_3
D:12:     orc_0_dummy
D:13:     hangedman_vaults_entry_quadrant_bands, uniq_josephine
D:14:     uniq_kirke
Lair:1:   grunt_megastairs_3
Lair:2:   minmay_shoals_entry_hut, grunt_megastairs_2
Lair:3:   lemuel_fruit_fields
Lair:4:   nicolae_spider_entry_tight_spaces, st_stairs_8, grunt_megastairs_1
Lair:5:   special_room
Lair:6:   minmay_lair_end_enchanted_forest, minmay_slime_entry_oklob_enclosed
Orc:2:    st_orc_elflike, lightli_orcish_oven
Elf:1:    minmay_ambush_box, hangedman_elf_disciples
Elf:2:    uniq_roxanne, uniq_louise
Elf:3:    minmay_elf_hall_quartered_circle, trove_entry_hex_spiral, st_stairs_9
Sewer:    sewer_kobolds
Bailey:   bailey_polearm_2, bailey

Skill      XL: |  1  2  3  4  5  6  7  8  9 10 11 12 13 14 15 16 |
---------------+-------------------------------------------------+-----
Necromancy     | 5 6 7 |  7.8
Shields        | 4 5 6 |  6.9
Spellcasting   | 3 7 |  7.0
Fighting       | 8 12 13 | 13.0
Axes           | 7 10 12 14 16 18 | 18.2
Dodging        | 2 5 7 |  7.0
Armour         | 2 5 8 10 12 13 | 13.4
Stealth        | |  2.4

Action                   |  1- 3 |  4- 6 |  7- 9 | 10-12 | 13-15 | 16-18 || total
-------------------------+-------+-------+-------+-------+-------+-------++-------
Melee: Quarterstaff      |    11 |       |   520 |   135 |       |       ||   666
       Long sword        |     2 |    11 |       |       |       |       ||    13
       Whip              |       |    50 |     8 |       |       |       ||    58
       Unarmed           |       |       |    19 |       |       |       ||    19
       Executioner's axe |       |       |       |   355 |   926 |   216 ||  1497
 Cast: Pain              |    21 |     5 |     6 |       |       |       ||    32
       Vampiric Draining |     4 |    21 |    25 |    95 |    62 |    10 ||   217
       Regeneration      |       |     3 |    15 |    74 |   197 |    52 ||   341
Invok: Sacrifice Essence |       |       |     1 |       |       |       ||     1
       Sacrifice Love    |       |       |     1 |       |       |       ||     1
       Sacrifice Purity  |       |       |       |     1 |       |       ||     1
       Sacrifice Artific |       |       |       |     1 |       |       ||     1
       Sacrifice Health  |       |       |       |       |     1 |       ||     1
       Apocalypse        |       |       |       |       |     4 |     2 ||     6
 Abil: Shaft Self        |     1 |       |     2 |     2 |     2 |       ||     7
       Dig               |       |     6 |    55 |    51 |    60 |    62 ||   234
Evoke: Wand              |       |       |     6 |    28 |       |       ||    34
  Use: Potion            |     2 |       |     1 |     2 |     1 |     2 ||     8
       Scroll            |       |     4 |     1 |     4 |    24 |     8 ||    41
 Stab: Sleeping          |     1 |     2 |     3 |     1 |       |       ||     7
       Confused          |       |       |     3 |       |       |       ||     3
       Paralysed         |       |       |     4 |    11 |    18 |     5 ||    38
       Petrified         |       |       |     1 |       |       |       ||     1
       Invisible         |       |       |       |     2 |    11 |     1 ||    14
       Distracted        |       |       |       |     1 |     4 |     2 ||     7
  Eat: Chunk             |     1 |     5 |    26 |    26 |    40 |    13 ||   111
       Ration            |       |       |       |     2 |     4 |       ||     6
Armor: Robe              |     6 |    13 |       |       |       |       ||    19
       Ring mail         |       |       |   179 |   216 |   454 |    32 ||   881
       Skin              |       |       |     3 |       |       |       ||     3
Dodge: Dodged            |    19 |    56 |   275 |   333 |   398 |    44 ||  1125
Block: Buckler           |       |       |    99 |   159 |   237 |    24 ||   519
       Rpst.: Long sword |       |     5 |       |       |       |       ||     5

Table legend:
 A = Spawn XP
 B = Non-spawn XP
 C = Spawn XP percentage of total XP
 D = Spawn monster count
 E = Non-spawn monster count
 F = Spawn count percentage of total count
 G = Total turns spent on level
                    A         B        C        D         E        F      G
               +---------+---------+-------+---------+---------+-------+---------
         Total |       0 |  150646 |   0.0 |       0 |     782 |   0.0 | 15841
               +---------+---------+-------+---------+---------+-------+---------
           D:1 |       0 |      28 |   0.0 |       0 |      16 |   0.0 |   380
           D:2 |       0 |     180 |   0.0 |       0 |      33 |   0.0 |   596
           D:3 |       0 |     178 |   0.0 |       0 |      35 |   0.0 |   661
           D:4 |       0 |     546 |   0.0 |       0 |      21 |   0.0 |   710
           D:5 |       0 |    1014 |   0.0 |       0 |      35 |   0.0 |   537
           D:6 |       0 |     713 |   0.0 |       0 |      23 |   0.0 |   507
           D:7 |       0 |    1320 |   0.0 |       0 |      34 |   0.0 |   589
           D:8 |       0 |    1270 |   0.0 |       0 |       6 |   0.0 |   134
           D:9 |       0 |      32 |   0.0 |       0 |       1 |   0.0 |    82
          D:10 |       0 |     270 |   0.0 |       0 |       8 |   0.0 |   134
          D:11 |       0 |    6004 |   0.0 |       0 |      44 |   0.0 |   707
          D:12 |       0 |    5549 |   0.0 |       0 |      40 |   0.0 |  1060
          D:13 |       0 |    7822 |   0.0 |       0 |      33 |   0.0 |   761
          D:14 |       0 |    3625 |   0.0 |       0 |      15 |   0.0 |   219
        Lair:1 |       0 |    4413 |   0.0 |       0 |      20 |   0.0 |   453
        Lair:2 |       0 |    6219 |   0.0 |       0 |      33 |   0.0 |   490
        Lair:3 |       0 |    2151 |   0.0 |       0 |      11 |   0.0 |   378
        Lair:4 |       0 |    6622 |   0.0 |       0 |      33 |   0.0 |   597
        Lair:5 |       0 |    9247 |   0.0 |       0 |      37 |   0.0 |   730
        Lair:6 |       0 |   22799 |   0.0 |       0 |      95 |   0.0 |  1040
         Orc:1 |       0 |     994 |   0.0 |       0 |      19 |   0.0 |   410
         Orc:2 |       0 |   14120 |   0.0 |       0 |      76 |   0.0 |  1714
         Elf:1 |       0 |   21705 |   0.0 |       0 |      36 |   0.0 |  1015
         Elf:2 |       0 |    5552 |   0.0 |       0 |       8 |   0.0 |   194
         Elf:3 |       0 |   25881 |   0.0 |       0 |      32 |   0.0 |   876
         Sewer |       0 |     112 |   0.0 |       0 |      12 |   0.0 |   170
        Bailey |       0 |    2280 |   0.0 |       0 |      26 |   0.0 |   697
               +---------+---------+-------+---------+---------+-------+---------
